 Dungeon Crawl Stone Soup version 0.30-a0-137-gd8773701ce (webtiles) character file.

Game seed: 12730538028967971649

430 blackman the Reanimator (level 6, 0/32 HPs)
             Began as a Deep Elf Necromancer on Sept 21, 2022.
             Slain by a black bear (4 damage)
             ... on level 5 of the Dungeon.
             The game lasted 00:11:41 (4779 turns).

blackman the Reanimator (Deep Elf Necromancer)      Turns: 4779, Time: 00:11:42

Health: 0/32       AC:  2    Str:  5    XL:     6   Next: 66%
Magic:  2/12       EV: 12    Int: 22    God:
Gold:   82         SH:  0    Dex: 15    Spells: 6/11 levels left

rFire   . . .      SeeInvis +    n - +5 dagger of Infinite Pain {drain, rPois rF- rN+++ Stlth-}
rCold   + . .      Faith    .    (no shield)
rNeg    + + +      Spirit   .    a - +0 robe
rPois   +          Reflect  .    (no helmet)
rElec   +          Harm     .    (no cloak)
rCorr   +          Rampage  .    (no gloves)
Will    .....                    (no boots)
Stlth   +.........               (no amulet)
HPRegen 0.10/turn                s - ring of see invisible
MPRegen 0.13/turn                (no ring)

@: resistant, animating dead
A: no striking features
a: no special abilities


You were on level 5 of the Dungeon.
You visited 1 branch of the dungeon, and saw 5 of its levels.

You collected 222 gold pieces.
You spent 140 gold pieces at shops.

Inventory:

Hand Weapons
 c - a +0 dagger
 n - the +5 dagger of Infinite Pain (weapon) {drain, rPois rF- rN+++ Stlth-}
   (You bought it in a shop on level 4 of the Dungeon)

   A truly terrible weapon, it drains the life of any living foe it strikes.
   rF:        It makes you vulnerable to fire.
   rPois:     It protects you from poison.
   rN:        It renders you almost immune to negative energy.
   Stlth:     It makes you less stealthy.
 p - a +2 dagger of protection
 t - a +0 arbalest
Missiles
 o - a throwing net
Armour
 a - a +0 robe (worn)
Jewellery
 m - an amulet of faith
 s - a ring of see invisible (left hand)
Scrolls
 d - 5 scrolls of teleportation
 e - a scroll of poison {unknown}
 g - a scroll of identify {unknown}
 h - a scroll of summoning {unknown}
 i - a scroll of silence {unknown}
 k - a scroll of blinking {unknown}
 l - 2 scrolls of amnesia {unknown}
 q - 2 scrolls of noise {unknown}
Potions
 b - a potion of magic
 f - 3 potions of berserk rage
 j - a potion of resistance
 r - a potion of heal wounds {unknown}
 u - a potion of haste {unknown}
 v - a potion of curing {unknown}


   Skills:
 - Level 2.4 Dodging
 - Level 2.4 Stealth
 - Level 3.0 Spellcasting
 + Level 9.7 Necromancy


You had 6 spell levels left.
You knew the following spells:

 Your Spells              Type           Power      Damage    Failure   Level
a - Necrotise             Necr           100%       1d9       1%          1
b - Animate Dead          Necr           46%        N/A       2%          4

Your spell library contained the following spells:

 Spells                   Type           Power      Damage    Failure   Level
 Vampiric Draining        Necr           46%        2d9       1%          3
 Agony                    Necr           46%        N/A       6%          5
 Anguish                  Hex/Necr       12%        N/A       17%         4
 Dazzling Flash           Conj/Hex       6%         N/A       36%         3
 Ignite Poison            Fire/Tmut/Pois 3%         N/A       36%         3
 Mephitic Cloud           Conj/Pois/Air  3%         N/A       36%         3
 Iskenderun's Mystic Bla  Conj/Tloc      3%         2d3       77%         4
 Sticky Flame             Conj/Fire      3%         2d3       77%         4
 Freezing Cloud           Conj/Ice/Air   1%         6-21      98%         5
 Starburst                Conj/Fire      1%         6d3       100%        6
 Enfeeble                 Hex            1%         N/A       100%        7


Dungeon Overview and Level Annotations

Branches:
Dungeon (5/15)
 Temple: D:4-7

Altars:

Shops:
D:4 [=(


Message History

Confirm with . or Enter, or press ? or * to list all spells.
Aiming: Necrotise (safe; 1% risk of failure)
Press: ? - help, Shift-Dir - straight line, f/p - black bear
Aim: a black bear (lightly wounded, chance to affect: 83%)
The black bear writhes in agony.
The black bear bites you. The black bear claws you. x2
You closely miss the black bear.
The black bear is moderately wounded.
The black bear bites you! The black bear barely misses you. x2
Casting: Necrotise (safe; 1% risk of failure)
Confirm with . or Enter, or press ? or * to list all spells.
Aiming: Necrotise (safe; 1% risk of failure)
Press: ? - help, Shift-Dir - straight line, f/p - black bear
Aim: a black bear (moderately wounded, chance to affect: 83%)
The black bear writhes in agony.
The black bear misses you.
The black bear claws you but does no damage. x2
The shadow imp shouts, "Go and return not, thou frumpy tickle-brained gonus!"
Casting: Necrotise (safe; 1% risk of failure)
Confirm with . or Enter, or press ? or * to list all spells.
Aiming: Necrotise (safe; 1% risk of failure)
Press: ? - help, Shift-Dir - straight line, f/p - black bear
Aim: a black bear (heavily wounded, chance to affect: 83%)
The black bear barely resists.
The black bear bites you!
* * * LOW HITPOINT WARNING * * *
The black bear claws you but does no damage.
The black bear closely misses you.
Casting: Necrotise (safe; 1% risk of failure)
Confirm with . or Enter, or press ? or * to list all spells.
Aiming: Necrotise (safe; 1% risk of failure)
Press: ? - help, Shift-Dir - straight line, f/p - black bear
Aim: a black bear (heavily wounded, chance to affect: 83%)
The black bear writhes in agony.
The black bear barely misses you. The black bear claws you.
* * * LOW HITPOINT WARNING * * *
The black bear closely misses you.
It was a potion of resistance.
You feel protected.
The black bear bites you but does no damage.
The black bear claws you.
You die...

... .. ......# 8.
......# #.
..$...# #)
....[.# #.###
......# #.<.####
......#
###....###......+
####.@h5......#
####w......#
##......# ......#
......# ......#
####.## .#


You could see a black bear, a worm and a shadow imp.

Vanquished Creatures
  A sky beast (D:4)
  A scorpion (D:4)
  2 hounds (D:4)
  An orc priest (D:3)
  3 orc wizards
  An adder (D:3)
  3 worms
  3 dart slugs
  6 orcs
  8 ball pythons
  4 bats
  8 endoplasms
  3 giant cockroaches
  4 goblins
  6 hobgoblins
  4 jackals (D:3)
  5 quokkas
  A frilled lizard (D:2)
  4 kobolds
  6 rats
74 creatures vanquished.

Vanquished Creatures (collateral kills)
  A dart slug (D:3)
  2 orcs (D:4)
  A giant cockroach (D:1)
  A goblin (D:1)
  A kobold (D:4)
  A ball python (D:4)
7 creatures vanquished.

Vanquished Creatures (others)
  A scorpion zombie (D:4)
  A hound zombie (D:4)
  3 orc zombies
  A dart slug zombie (D:3)
  A kobold zombie (D:4)
  2 plants (D:4)
9 creatures vanquished.

Grand Total: 90 creatures vanquished

Notes
Turn   | Place    | Note
-------+----------+-------------------------------------------
     0 | D:1      | blackman the Deep Elf Necromancer began the quest for the
                  | Orb.
     0 | D:1      | Reached XP level 1. HP: 10/10 MP: 6/6
    21 | D:1      | Reached skill level 5 in Necromancy
   325 | D:1      | Found a faded altar of an unknown god.
   329 | D:1      | Reached XP level 2. HP: 10/15 MP: 8/8
  1110 | D:2      | Reached skill level 6 in Necromancy
  1158 | D:2      | Reached XP level 3. HP: 19/19 MP: 7/9
  2847 | D:3      | Reached skill level 7 in Necromancy
  2847 | D:3      | Reached XP level 4. HP: 23/24 MP: 4/10
  2852 | D:3      | Learned a level 4 spell: Animate Dead
  3645 | D:4      | Found Exeusk's Antique Armour Emporium.
  3721 | D:4      | Reached XP level 5. HP: 15/28 MP: 1/11
  3909 | D:4      | Reached skill level 8 in Necromancy
  4239 | D:4      | Reached skill level 9 in Necromancy
  4239 | D:4      | Reached XP level 6. HP: 14/32 MP: 0/12
  4426 | D:4      | Noticed a sky beast
  4443 | D:4      | Killed a sky beast
  4465 | D:4      | Found Ceugioth's Jewellery Boutique.
  4567 | D:4      | Found Ginur's Antique Weapon Shoppe.
  4574 | D:4      | Bought an iridescent dagger for 140 gold pieces
  4574 | D:4      | Identified the +5 dagger of Infinite Pain {drain, rPois rF-
                  | rN+++ Stlth-} (You bought it in a shop on level 4 of the
                  | Dungeon)
  4758 | D:5      | Entered Level 5 of the Dungeon
  4779 | D:5      | Slain by a black bear

Illustrated notes

Levels and vault maps discovered:
D:1:      saegor_arrival_simple_b, layout_rooms,
          hellmonk_ecumenical_altar_pennies_from_heaven, solitary_fountain
D:2:      layout_loops_corners, serial_aquarium, aquarium_bridge_square
          [aquarium_subvault_balcony, aquarium_subvault_window,
          aquarium_subvault_wall, aquarium_subvault_bridge],
          aquarium_bridge_straight [aquarium_subvault_bridge,
          aquarium_subvault_window, aquarium_subvault_bridge,
          aquarium_subvault_window], aquarium_window_1, aquarium_window_corner,
          aquarium_window_corridor_3, aquarium_window_fake, aquarium_view_2b,
          aquarium_view_2a, minmay_unequal
D:3:      layout_rooms
D:4:      layout_cave_pools, serial_shops, shop,
          nicolae_shop_overgrown_old_shop,
          nicolae_shop_competitors_out_of_business,
          minmay_fractal_squares_gapless_5
D:5:      layout_rooms, slow_altar_2, chequers_serial_rivers_marsh,
          dreamdust_princess_bridge, hangedman_minor_gate_pass

Skill      XL: |  1  2  3  4  5 |
---------------+----------------+-----
Necromancy     | 5 6 7 9 |  9.7
Dodging        | |  2.4
Stealth        | |  2.4
Spellcasting   | |  3.0

Action                   |  1- 3 |  4- 6 || total
-------------------------+-------+-------++-------
Melee: Unarmed           |     9 |       ||     9
       Dagger            |    45 |    28 ||    73
       Punch             |     1 |       ||     1
 Fire: Arbalest          |       |    31 ||    31
 Cast: Necrotise         |    64 |    54 ||   118
       Animate Dead      |       |     5 ||     5
  Use: Scroll            |       |     1 ||     1
       Potion            |       |     3 ||     3
 Stab: Sleeping          |     3 |     3 ||     6
Armor: Robe              |     7 |    15 ||    22
Dodge: Dodged            |    45 |    53 ||    98

Table legend: (Time is in decaauts)
 A = Elapsed time spent in this place.
 B = Non-inter-level travel time spent in this place.
 C = Inter-level travel time spent in this place.
 D = Time resting spent in this place.
 E = Time spent auto-exploring this place.
 F = Levels seen in this place.
 G = Mean time per level.
                   A        B        C        D        E       F      G
               +--------+--------+--------+--------+--------+-----+--------+
         Total |   4936 |   4813 |    123 |    503 |   3686 |   5 |  987.2 |
       Dungeon |   4936 |   4813 |    123 |    503 |   3686 |   5 |  987.2 |
               +--------+--------+--------+--------+--------+-----+--------+

Top non-repeatable levels by time:
     D:2: 1382 daAuts
     D:3: 1353 daAuts
     D:4: 1142 daAuts
     D:1: 1036 daAuts
     D:5: 20 daAuts
